 Dungeon Crawl Stone Soup version 0.26-a0-651-gb41185065b (webtiles) character file.

Game seed: 5065180566222456526

292 Ozzies the Sneak (level 6, -4/32 HPs)
             Began as a Vampire Enchanter on Oct 6, 2020.
             Slain by a bullfrog (5 damage)
             ... on level 4 of the Dungeon.
             The game lasted 00:06:07 (4044 turns).

Ozzies the Sneak (Vampire Enchanter)                Turns: 4044, Time: 00:06:08

Health: -4/32      AC:  2    Str:  9    XL:     6   Next: 10%
Magic:  0/10       EV: 13    Int: 17    God:
Gold:   161        SH:  0    Dex: 15    Spells: 7/10 levels left

rFire    . . .     SeeInvis +   a - +1 dagger
rCold    + + .     Faith    .   (no shield)
rNeg     + + +     Spirit   .   b - +0 robe
rPois    ∞         Reflect  .   (no helmet)
rElec    .         Harm     .   (no cloak)
rCorr    .         Rampage  .   (no gloves)
MR       .....                  (no boots)
Stlth    +++.......             (no amulet)
HPRegen  0.00/turn              o - ring of see invisible
MPRegen  0.12/turn              (no ring)

@: bloodless, very slow
A: fangs 3, see invisible, unbreathing
a: Bat Form, Revivify


You were on level 4 of the Dungeon.
You visited 1 branch of the dungeon, and saw 4 of its levels.

You collected 161 gold pieces.

Inventory:

Hand Weapons
 a - a +1 dagger (weapon)
Missiles
 g - 254 stones (quivered)
 r - 19 sling bullets
Armour
 b - a +0 robe (worn)
 d - a +0 pair of boots
 k - a +0 cloak
 v - a +0 helmet
 w - a cursed +0 cloak
Jewellery
 o - a ring of see invisible (left hand)
Scrolls
 e - 4 scrolls of remove curse {unknown}
 f - 2 scrolls of fog {unknown}
 h - a scroll of immolation {unknown}
 i - a scroll of fear {unknown}
 j - a scroll of magic mapping {unknown}
 l - 4 scrolls of identify {unknown}
 m - a scroll of enchant weapon {unknown}
 n - 2 scrolls of amnesia {unknown}
 t - a scroll of blinking {unknown}
 u - a scroll of enchant armour {unknown}
Potions
 c - a potion of curing {unknown}
 p - a potion of brilliance {unknown}
 q - a potion of flight {unknown}
 s - a potion of haste {unknown}


   Skills:
 + Level 2.5 Short Blades
 - Level 3.0 Dodging
 * Level 7.0 Stealth
 + Level 2.9 Spellcasting
 * Level 6.5 Hexes


You had 7 spell levels left.
You knew the following spells:

 Your Spells              Type           Power        Failure   Level
a - Corona                Hex            ###....      1%          1
b - Ensorcelled Hibernat  Hex/Ice        ##....       7%          2

Your spell library contained the following spells:

 Spells                   Type           Power        Failure   Level
 Confusing Touch          Hex            ###.....     3%          3
 Tukima's Dance           Hex            ###.....     3%          3
 Dazzling Flash           Conj/Hex       ##....       14%         3


Dungeon Overview and Level Annotations

Branches:
Dungeon (4/15)
 Temple: D:4-7

Altars:
Makhleb
Qazlal

Annotations:
D:3 Lanoc's ghost, amateur DrTm


Innate Abilities, Weirdness & Mutations

You do not regenerate when monsters are visible.
You are frail without blood (-20% HP).
You can heal yourself when you bite living creatures.
You are immune to poison.
You have razor-sharp teeth.
You have supernaturally acute eyesight. (SInv)
You can survive without breathing.


Message History

There is an open door here.
You open the door.
The adder hisses angrily.
The adder bites you.
The adder hisses angrily.
The bullfrog croaks.
There is an open translucent door here.
Casting: Corona (safe; 1% risk of failure)
Confirm with . or Enter, or press ? or * to list all spells.
Aiming: Ensorcelled Hibernation (safe; 7% risk of failure)
Press: ? - help, Shift-Dir - straight line, f - adder
Aim: an adder (chance to defeat MR: 52%)
The adder resists with significant effort.
Lanoc's ghost turns its malevolent gaze towards you.
The adder closely misses you.
You hit the adder.
The adder is heavily wounded.
The adder closely misses you. The adder misses you.
Casting: Ensorcelled Hibernation (safe; 7% risk of failure)
Confirm with . or Enter, or press ? or * to list all spells.
Aiming: Ensorcelled Hibernation (safe; 7% risk of failure)
Press: ? - help, Shift-Dir - straight line, f/p - adder
Aim: an adder (heavily wounded, chance to defeat MR: 52%)
The adder looks drowsy...
The helpless adder fails to defend itself.
You bite the adder, and draw its blood!
You feel better.
You impale the adder!!
You kill the adder!
Your Stealth skill increases to level 7!
The adder bites you.
Casting: Ensorcelled Hibernation (safe; 7% risk of failure)
Confirm with . or Enter, or press ? or * to list all spells.
Aiming: Ensorcelled Hibernation (safe; 7% risk of failure)
Press: ? - help, Shift-Dir - straight line, f - adder
Aim: an adder (chance to defeat MR: 52%)
The adder resists with significant effort.
The adder bites you.
Casting: Ensorcelled Hibernation (safe; 7% risk of failure)
Confirm with . or Enter, or press ? or * to list all spells.
Aiming: Ensorcelled Hibernation (safe; 7% risk of failure)
Press: ? - help, Shift-Dir - straight line, f/p - adder
Aim: an adder (chance to defeat MR: 52%)
The adder looks drowsy...
The helpless adder fails to defend itself.
You bite the adder, and draw its blood!
You feel better.
You impale the adder!!
You kill the adder!
The bullfrog misses you.
Casting: Ensorcelled Hibernation (safe; 7% risk of failure)
Confirm with . or Enter, or press ? or * to list all spells.
Aiming: Ensorcelled Hibernation (safe; 7% risk of failure)
Press: ? - help, Shift-Dir - straight line, f - bullfrog
Aim: a bullfrog (chance to defeat MR: 44%)
The bullfrog resists with some effort.
The bullfrog closely misses you. The bullfrog hits you.
Casting: Ensorcelled Hibernation (safe; 7% risk of failure)
Confirm with . or Enter, or press ? or * to list all spells.
You don't have enough magic to cast that spell.
Unknown command.
The bullfrog hits you! The bullfrog hits you. The bullfrog closely misses you.
You see here 21 arrows.
The bullfrog hits you. The bullfrog hits you.
* * * LOW HITPOINT WARNING * * *
There is a stone staircase leading down here.
The bullfrog misses you. The bullfrog barely misses you.
You climb downwards.
You hear the hiss of flowing sand.
There is an entrance to an ossuary on this level.
Hurry and find it before the portal is buried! 3 dart slugs come into view.
Found a black potion, a ring mail and a scroll labeled RUUKIM KOTSUTA.
Found a stone staircase leading up.
There is a stone staircase leading up here.
A quokka, a jackal and a dart slug come into view.
You enter the shallow water.
Moving in this stuff is going to be slow.
The bullfrog barely misses you. The bullfrog misses you. The bullfrog hits you.
* * * LOW HITPOINT WARNING * * *
Your unstable footing causes you to fumble your attack.
The bullfrog barely misses you. The dart slug bites you.
* * * LOW HITPOINT WARNING * * *
The bullfrog barely misses you.
Casting: Ensorcelled Hibernation (safe; 7% risk of failure)
Confirm with . or Enter, or press ? or * to list all spells.
Aiming: Ensorcelled Hibernation (safe; 7% risk of failure)
Press: ? - help, Shift-Dir - straight line, f - bullfrog
Aim: a bullfrog (chance to defeat MR: 44%)
The bullfrog resists with some effort.
The bullfrog closely misses you. The dart slug closely misses you.
Casting: Ensorcelled Hibernation (safe; 7% risk of failure)
Confirm with . or Enter, or press ? or * to list all spells.
Aiming: Corona (safe; 1% risk of failure)
Press: ? - help, Shift-Dir - straight line, f/p - bullfrog
Aim: a bullfrog (chance to defeat MR: 64%)
The bullfrog is outlined in light.
The bullfrog barely misses you. The bullfrog closely misses you.
You hit the bullfrog. Your bite misses the bullfrog.
The bullfrog is lightly wounded.
The bullfrog hits you.
You die...

#≈≈w≈≈##. #
≈≈#≈≈#≈.## ..#
≈≈≈≈#≈≈≈≈##..#
≈≈≈≈≈≈≈≈≈≈#..
≈≈≈≈≈≈≈≈≈≈.#
≈≈≈#≈≈≈≈≈≈≈##
≈≈≈≈≈≈≈≈≈≈≈≈#
≈≈...≈.<.≈≈≈##
...<.!...F@w.#
≈≈[8.≈≈.≈≈≈≈.#
≈≈≈≈#≈≈≈≈≈≈≈.....
#≈≈≈≈≈≈≈≈≈####....
≈≈h#≈≈≈≈≈≈w ...
≈≈≈≈≈≈≈≈≈≈?. ..
≈≈≈≈≈#≈≈#.## .
≈≈≈≈≈≈w#r..


You could see a bullfrog (corona) and 2 dart slugs.

Vanquished Creatures
  A black bear (D:3)
  Jessica (D:3)
  Robin (D:3)
  9 adders
  An ooze (D:1)
  3 worms
  A dart slug (D:1)
  2 leopard geckos (D:3)
  2 orcs (D:3)
  2 giant cockroaches
  15 goblins
  5 hobgoblins
  A ball python (D:3)
  14 bats
  4 frilled lizards
  5 kobolds
  8 rats
75 creatures vanquished.

Notes
Turn   | Place    | Note
-------+----------+-------------------------------------------
     0 | D:1      | Ozzies the Vampire Enchanter began the quest for the Orb.
     0 | D:1      | Reached XP level 1. HP: 13/13 MP: 3/3
   508 | D:1      | Reached XP level 2. HP: 15/15 MP: 5/5
   531 | D:1      | Learned a level 2 spell: Ensorcelled Hibernation
   660 | D:1      | Reached skill level 5 in Stealth
  1411 | D:2      | Found a burning altar of Makhleb.
  1414 | D:2      | Reached skill level 5 in Hexes
  1414 | D:2      | Reached XP level 3. HP: 19/19 MP: 6/6
  2667 | D:3      | Reached XP level 4. HP: 24/24 MP: 7/7
  2746 | D:3      | Found a stormy altar of Qazlal.
  3099 | D:3      | Reached skill level 6 in Stealth
  3207 | D:3      | Noticed Jessica
  3213 | D:3      | Killed Jessica
  3213 | D:3      | Reached XP level 5. HP: 24/28 MP: 1/8
  3489 | D:3      | Noticed a black bear
  3493 | D:3      | Found a runed translucent door.
  3496 | D:3      | Killed a black bear
  3519 | D:3      | Noticed Robin
  3535 | D:3      | Killed Robin
  3539 | D:3      | Reached XP level 6. HP: 21/32 MP: 3/10
  3833 | D:3      | Noticed Lanoc's ghost (amateur DrTm)
  4020 | D:3      | Reached skill level 7 in Stealth
  4041 | D:4      | HP: 1/32 [dart slug (3)]
  4044 | D:4      | Slain by a bullfrog

Illustrated notes

Levels and vault maps discovered:
D:1:      elethiomel_arrival_diamonds, layout_loops_ring, serial_rivers,
          chequers_serial_rivers_room_b, chequers_serial_rivers_large_a,
          chequers_serial_rivers_room_b, chequers_serial_rivers_small_a
D:2:      layout_loops_ring, overflow_temple_1_default
D:3:      layout_loops_corners, lemuel_crystal_altar, ebering_ghost_sewer_d,
          hangedman_decor_clover_reticule, uniq_jessica, uniq_robin
D:4:      kennysheep_slugbush, layout_basic, kennysheep_mini,
          nicolae_gozag_zags_fifth_avenue, enter_ossuary_5

Skill      XL: |  1  2  3  4  5  6 |
---------------+-------------------+-----
Stealth        | 5 6 7 |  7.0
Hexes          | 5 6 |  6.5
Dodging        | 3 |  3.0
Short Blades   | 2 |  2.5
Spellcasting   | |  2.9

Action                   |  1- 3 |  4- 6 || total
-------------------------+-------+-------++-------
Melee: Dagger            |    79 |    79 ||   158
       Bite              |     4 |     3 ||     7
 Cast: Corona            |     1 |     2 ||     3
       Ensorcelled Hiber |    19 |    26 ||    45
 Abil: Exsanguinate      |     1 |       ||     1
 Stab: Sleeping          |    28 |    26 ||    54
Armor: Robe              |    14 |    12 ||    26
Dodge: Dodged            |    52 |    97 ||   149

Table legend: (Time is in decaauts)
 A = Elapsed time spent in this place.
 B = Non-inter-level travel time spent in this place.
 C = Inter-level travel time spent in this place.
 D = Time resting spent in this place.
 E = Time spent auto-exploring this place.
 F = Levels seen in this place.
 G = Mean time per level.
                   A        B        C        D        E       F      G
               +--------+--------+--------+--------+--------+-----+--------+
         Total |   4055 |   3990 |     65 |    216 |   3186 |   4 | 1013.8 |
       Dungeon |   4055 |   3990 |     65 |    216 |   3186 |   4 | 1013.8 |
               +--------+--------+--------+--------+--------+-----+--------+

Top non-repeatable levels by time:
     D:3: 1486 daAuts
     D:1: 1438 daAuts
     D:2: 1122 daAuts
     D:4: 7 daAuts
